 Dungeon Crawl Stone Soup version bcrawl-1.37.2 (webtiles) character file.

Game seed: 5876771346943023952

99468 FaviusArthum the Grave Robber (level 4, -1/30 HPs)
             Began as a Human Necromancer on Dec 18, 2022.
             Killed from afar by Sigmund (4 damage)
             ... with a magic dart
             ... on level 2 of the Dungeon.
             The game lasted 00:17:25 (2110 turns).

FaviusArthum the Grave Robber (Human Necromancer)   Turns: 2110, Time: 00:17:25

Health: -1/30      AC:  6    Str:  8    XL:     4   Next: 22%
Magic:  8/8        EV:  8    Int: 16    God:
Gold:   258        SH:  0    Dex: 14    Spells: 7/8 levels left

rFire    . . .     GDR:     26% a - +0 dagger (pain)
rCold    . . .     SeeInvis .   (no shield)
rNeg     . . .     Gourm    .   h - +0 scale mail
rPois    .         Faith    .   (no helmet)
rElec    .         Spirit   .   (no cloak)
rCorr    .         Reflect  .   (no gloves)
MR       .....                  (no boots)
Stlth    +.........             (no amulet)
HPRegen  0.15/turn              (no ring)
MPRegen  0.11/turn              (no ring)

@: no status effects
A: no striking features
a: no special abilities


You were on level 2 of the Dungeon.
You were hungry.

You visited 1 branch of the dungeon, and saw 3 of its levels.

You collected 258 gold pieces.

Inventory:

Hand Weapons
 a - a +0 dagger of pain (weapon)
 n - a +0 spear
 o - a +0 club
 v - a +0 flail
Missiles
 p - 31 needles of frenzy {=f}
 r - 120 arrows
 s - 99 stones (quivered)
Armour
 b - a +0 robe
 h - a +0 scale mail (worn)
 l - a +0 scale mail
Jewellery
 j - a cursed -3 ring of intelligence {unknown}
 k - an uncursed amulet of guardian spirit
 q - a cursed ring of teleportation {unknown}
Scrolls
 c - a scroll of enchant weapon {unknown}
 d - 2 scrolls of remove curse {unknown}
 f - 2 scrolls of blinking {unknown}
 i - 2 scrolls of magic mapping {unknown}
 w - a scroll of immolation {unknown}
Potions
 g - a potion of curing {unknown}
 m - a potion of mutation {unknown}
 t - 2 potions of berserk rage {unknown}
Comestibles
 e - 4 rations {!d}


   Skills:
 + Level 0.2 Fighting
 + Level 0.2 Short Blades
 + Level 0.9 Polearms
 + Level 0.4 Armour
 + Level 2.2 Dodging
 + Level 2.7 Stealth
 + Level 2.7 Spellcasting
 + Level 5.0 Necromancy


You had 7 spell levels left.
You knew the following spells:

 Your Spells              Type           Power        Failure   Level  Hunger
a - Necrotize             Necr           ###...       24%         1    None

Your spell library contained the following spells:

 Spells                   Type           Power        Failure   Level  Hunger
 Vampiric Draining        Necr           ###.......   58%         3    ####...
 Agony                    Necr           ###.....     94%         4    #####..
 Animate Dead             Necr           N/A          94%         4    #####..
 Dispel Undead            Necr           ###.....     100%        5    #######


Dungeon Overview and Level Annotations

Branches:
Dungeon (3/12)

Altars:

Annotations:
D:2 Sigmund


Message History

The crimson imp breathes fire at you. The flame tongue hits you!
* * * LOW HITPOINT WARNING * * *
There is an escape hatch in the floor here.
There is an open door here.
The crimson imp shouts, "Leave, thou goatish sow-suckled pimple!"
The crimson imp breathes fire at you. The flame tongue hits you!
* * * LOW HITPOINT WARNING * * *
The crimson imp is too close now for your liking.
There is a stone staircase leading up here.
A rune on the stairs sparks and fizzles.
You climb upwards.
Level annotation: Sigmund
There is a stone staircase leading down here.
Sigmund looks braver for a moment.
Sigmund looks satisfied for a moment.
Sigmund casts a spell at you. The magic dart hits you.
You die...

#############
#...........######
..##.##.###......#
..##.##.# ######.#
.....##.# ####@###
..#####.# #......#
..#####.# #.##.#.#
#.......# #.##.#.#
......#######.##.>.#
.####......##.###@.#
...##......##.###..#
.#.........##......#
.#.##......##.....##


You could see Sigmund.

Vanquished Creatures
  An adder (D:3)
  2 dart slugs (D:1)
  2 leopard geckos
  4 orcs (D:3)
  A giant cockroach (D:1)
  2 goblins
  3 hobgoblins
  6 jackals (D:1)
  4 kobolds
  2 bats
  3 rats (D:1)
30 creatures vanquished.

Vanquished Creatures (collateral kills)
  A giant cockroach (D:1)
  A hobgoblin (D:2)
  A frilled lizard (D:2)
  2 rats
5 creatures vanquished.

Grand Total: 35 creatures vanquished

Notes
Turn   | Place    | Note
-------+----------+-------------------------------------------
     0 | D:1      | FaviusArthum the Human Necromancer began the quest for the
                  | Orb.
     0 | D:1      | Reached XP level 1. HP: 13/13 MP: 3/3
   387 | D:1      | Reached XP level 2. HP: 17/19 MP: 3/5
   819 | D:1      | Reached XP level 3. HP: 24/24 MP: 4/6
  1111 | D:2      | Reached skill level 5 in Necromancy
  1505 | D:2      | Noticed Sigmund
  1951 | D:3      | Reached XP level 4. HP: 25/30 MP: 4/7
  2098 | D:3      | HP: 1/30 [crimson imp/flame tongue (9)]
  2110 | D:2      | Killed from afar by Sigmund

Skill      XL: |  1  2  3 |
---------------+----------+-----
Necromancy     | 5 |  5.0
Fighting       | |  0.2
Short Blades   | |  0.2
Polearms       | |  0.9
Armour         | |  0.4
Dodging        | |  2.2
Stealth        | |  2.7
Spellcasting   | |  2.7

Action                   |  1- 3 |  4- 6 || total
-------------------------+-------+-------++-------
Melee: Dagger            |    15 |    25 ||    40
       Spear             |    80 |       ||    80
Throw: Stone             |       |     1 ||     1
 Cast: Necrotize         |    26 |     3 ||    29
  Use: Scroll            |     1 |       ||     1
 Stab: Distracted        |     1 |       ||     1
  Eat: Chunk             |     3 |       ||     3
       Ration            |     1 |       ||     1
Armor: Robe              |     1 |       ||     1
       Scale mail        |    46 |    12 ||    58
Dodge: Dodged            |    39 |    10 ||    49
